 Dungeon Crawl Stone Soup version 0.28-a0-580-ga2639ab843 (webtiles) character file.

Game seed: 11427996682661645082

49 senseless the Skirmisher (level 3, -2/24 HPs)
             Began as a Gargoyle Chaos Knight on Oct 2, 2021.
             Was a Plaything of Xom.
             Slain by Crazy Yiuf (11 damage)
             ... on level 2 of the Dungeon.
             The game lasted 00:04:02 (2092 turns).

senseless the Skirmisher (Gargoyle Chaos Knight)    Turns: 2092, Time: 00:04:03

Health: -2/24      AC:  8    Str: 16    XL:     3   Next: 77%
Magic:  3/3        EV: 11    Int: 12    God:    Xom [.....*]
Gold:   31         SH:  0    Dex:  9    Spells: 1/2 levels left

rFire   . . .      SeeInvis .   a - +0 mace (chaos)
rCold   . . .      Faith    .   (no shield)
rNeg    + . .      Spirit   .   b - +2 leather armour
rPois   ∞          Reflect  .   (no helmet)
rElec   +          Harm     .   (no cloak)
rCorr   .          Rampage  .   (no gloves)
Will    .....                   (no boots)
Stlth   +.........              (no amulet)
HPRegen 0.08/turn               (no ring)
MPRegen 0.08/turn               (no ring)

@: no status effects
A: sickness immunity, AC +3, negative energy resistance 1, electricity
resistance, torment resistance 1, petrification resistance
a: Renounce Religion


You were on level 2 of the Dungeon.
You worshipped Xom.
You were Xom's teddy bear.
You visited 1 branch of the dungeon, and saw 2 of its levels.

You collected 31 gold pieces.

Inventory:

Hand Weapons
 a - a +0 mace of chaos (weapon)
Missiles
 i - 2 atropa-tipped darts (quivered)
 l - 8 poisoned darts
 p - 3 boomerangs
Armour
 b - a +2 leather armour (worn)
 k - a +0 plate armour
Scrolls
 d - 2 scrolls of enchant armour {unknown}
 e - 5 scrolls of identify {unknown}
 f - 3 scrolls of blinking {unknown}
 j - a scroll of immolation {unknown}
 n - a scroll of torment {unknown}
 o - a scroll of magic mapping {unknown}
 q - a scroll of fear {unknown}
Potions
 c - a potion of berserk rage {unknown}
 g - a potion of resistance {unknown}
 h - 2 potions of magic {unknown}
 m - a potion of degeneration {unknown}
 r - a potion of flight {unknown}


   Skills:
 + Level 4.0 Fighting
 + Level 3.7 Maces & Flails
 + Level 2.4 Armour
 + Level 1.1 Dodging


You had one spell level left.
You knew the following spells:

 Your Spells              Type           Power      Damage    Failure   Level
a - Magic Dart            Conj           0%         1d3       36%         1

Your spell library contained the following spells:

 Spells                   Type           Power      Damage    Failure   Level
 Searing Ray              Conj           0%         2d4       52%         2
 Ozocubu's Armour         Ice            0%         N/A       75%         3
 Fulminant Prism          Conj/Hex       0%         3d6       98%         4
 Ozocubu's Refrigeration  Ice            0%         4d5       100%        7


Dungeon Overview and Level Annotations

Branches:
Dungeon (2/15)

Altars:

Annotations:
D:2 Crazy Yiuf


Innate Abilities, Weirdness & Mutations

You are immune to sickness and miasma.
Your stone body is resilient. (AC +3)
You are immune to poison.
You resist negative energy. (rN+)
You are resistant to electric shocks. (rElec)
You are resistant to unholy torment.
You are immune to petrification.


Message History

The ball python closely misses you. The ball python constricts you.
You hit the ball python.
You kill the ball python!
No target in view!
You see here a jackal skeleton.
There is an open door here.
You open the door.
There is an open door here.
There is a stone staircase leading up here.
r - a smoky green potion You open the door.
There is an open door here.
Found a stone staircase leading up.
There is a stone staircase leading up here.
There is an open door here.
There is an open door here.
You open the door.
There is an open door here.
A goblin comes into view. It is wielding a +0 club.
The goblin shouts!
The goblin barely misses you.
You thump the goblin!
You kill the goblin!
No target in view!
There is an open door here.
You open the door. You hit Crazy Yiuf but do no damage. Crazy Yiuf misses you.
You hit Crazy Yiuf. You burn Crazy Yiuf.
Crazy Yiuf is moderately wounded.
Crazy Yiuf hits you but does no damage.
You barely miss Crazy Yiuf.
Crazy Yiuf is moderately wounded.
Crazy Yiuf barely misses you.
Crazy Yiuf hits you with a +4 quarterstaff of chaos!
Ouch! That really hurt!
Crazy Yiuf burns you.
You hit Crazy Yiuf.
Crazy Yiuf resists with some effort.
Crazy Yiuf is moderately wounded.
Crazy Yiuf hits you with a +4 quarterstaff of chaos!
You die...

.#........#####..#####....##...#.
.#........## #....# #....#......
.#.........# ♣....♣ #....#......
.#.........# ♣...♣♣ #....#......
.#.........# ♣♣.♣♣ #...##.....#
.##...#....# ♣.♣♣ #...##.....#
.##...#....# ♣♣.♣ #...##.....#
......#....# ♣.♣♣ ######.....#
......#....# ♣♣@♣ ######.....#
......#....# #g# #........#..
#######....# ... #........#..
#....##....# #...# #........#..
#....##....# #..)# #.......÷#..
.....##....# ##### #........#..
..#####....# #........###
..#####....# ###......÷.#
..†.......####### #.........)###


You could see Crazy Yiuf.

Vanquished Creatures
  A dart slug (D:1)
  3 endoplasms
  2 giant cockroaches
  5 goblins
  3 hobgoblins
  10 jackals
  A kobold (D:1)
  5 ball pythons
  4 bats
  A frilled lizard (D:1)
  6 rats
41 creatures vanquished.

Notes
Turn   | Place    | Note
-------+----------+-------------------------------------------
     0 | D:1      | senseless the Gargoyle Chaos Knight began the quest for the
                  | Orb.
     0 | D:1      | Reached XP level 1. HP: 14/14 MP: 1/1
     1 | D:1      | XOM: divination: detect creatures
   259 | D:1      | Found a faded altar of an unknown god.
   337 | D:1      | Reached XP level 2. HP: 15/19 MP: 2/2
   565 | D:1      | XOM: scenery: 1 doors close
   674 | D:1      | XOM is BORED!
   834 | D:1      | Reached skill level 1 in Dodging
  1098 | D:2      | XOM: scenery: summon butterflies
  1104 | D:2      | Reached XP level 3. HP: 23/24 MP: 3/3
  1122 | D:2      | Reached skill level 4 in Fighting
  1319 | D:2      | XOM: cloud trail
  1322 | D:2      | Learned a level 1 spell: Magic Dart
  1400 | D:2      | Found a runed translucent door.
  1401 | D:2      | Noticed Crazy Yiuf
  2092 | D:2      | Slain by Crazy Yiuf

Illustrated notes

Levels and vault maps discovered:
D:1:      scummos_arrival_checkerplants, layout_basic,
          dreamdust_ecumenical_altar_hidden_monk_grotto
D:2:      layout_basic, minmay_misc_feat_encased, uniq_crazy_yiuf_cottage

Skill      XL: |  1  2  3 |
---------------+----------+-----
Dodging        | 1 |  1.1
Fighting       | 4 |  4.0
Maces & Flails | |  3.7
Armour         | |  2.4

Action                   || total
-------------------------++-------
Melee: Mace              ||   120
Armor: Leather armour    ||    57
       Plate armour      ||    26
Dodge: Dodged            ||    92

Table legend: (Time is in decaauts)
 A = Elapsed time spent in this place.
 B = Non-inter-level travel time spent in this place.
 C = Inter-level travel time spent in this place.
 D = Time resting spent in this place.
 E = Time spent auto-exploring this place.
 F = Levels seen in this place.
 G = Mean time per level.
                   A        B        C        D        E       F      G
               +--------+--------+--------+--------+--------+-----+--------+
         Total |   2118 |   2096 |     22 |      0 |   1768 |   2 | 1059.0 |
       Dungeon |   2118 |   2096 |     22 |      0 |   1768 |   2 | 1059.0 |
               +--------+--------+--------+--------+--------+-----+--------+

Top non-repeatable levels by time:
     D:1: 1078 daAuts
     D:2: 1039 daAuts
